Map: Goldenaura LE

Players

HuShang

  • Race: Terran Terran
  • Spawn Location: 5:00

A.I. 1 (Elite) - Winner!

  • Race: Terran Terran
  • Spawn Location: 12:00

VOD

Have the link to the VOD?

Description

TVT (By Master HuShang)

Time

  • Played on: Feb. 1, 2025, 1:15 p.m.
  • Length: 13:29
Show
View Real Time Build Order
Export as new Build Order

HuShang Terran 

Build Orders: Liberator Opening 

Get SALT Encoding   

  12  0:00  SCV  
  13  0:12  SCV  
  14  0:17  Supply Depot  
  14  0:24  SCV  
  15  0:39  SCV  
  15  0:40  Barracks  
  16  0:46  Refinery  
  16  0:51  SCV  
  16  0:53  Refinery  
  17  1:03  SCV  
  18  1:17  SCV  
  19  1:31  Reaper, Supply Depot, Orbital Command  
  20  1:45  Factory  
  20  1:59  SCV  
  21  2:04  Reaper  
  22  2:11  SCV  
  23  2:23  SCV  
  23  2:27  Command Center  
  24  2:35  SCV  
  25  2:39  Factory Tech Lab  
  25  2:40  Barracks Reactor  
  25  2:47  SCV  
  26  2:55  Starport  
  26  2:57  Supply Depot  
  26  2:59  SCV  
  27  3:12  SCV  
  28  3:16  Siege Tank  
  31  3:24  SCV  
  32  3:29  Marine x2, Refinery  
  34  3:36  SCV  
  34  3:39  Liberator  
  37  3:41  Orbital Command  
  37  3:47  Marine  
  37  3:48  SCV, Marine  
  39  3:57  Siege Tank  
  39  4:00  SCV  
  43  4:05  Marine x2  
  43  4:07  Supply Depot  
  43  4:08  SCV  
  46  4:12  SCV  
  47  4:20  SCV  
  47  4:23  Marine x2  
  50  4:24  SCV  
  50  4:29  Siege Tank  
  50  4:30  Liberator  
  57  4:37  SCV x2  
  59  4:41  Marine x2  
  59  4:42  Supply Depot  
  61  4:49  SCV  
  62  4:54  Supply Depot  
  62  5:03  Siege Tank, SCV x2  
  62  5:05  Supply Depot  
  67  5:12  Barracks Tech Lab  
  67  5:16  SCV x2  
  69  5:24  Viking x2  
  69  5:28  SCV x2  
  72  5:36  Siege Tank  
  72  5:37  Command Center  
  72  5:39  Stimpack  
  72  5:40  SCV x2  
  77  5:52  SCV x2  
  77  5:53  Barracks x2  
  79  5:58  Viking x2  
  79  6:03  Refinery  
  80  6:04  SCV x2  
  80  6:08  Siege Tank  
  85  6:16  SCV  
  86  6:31  Supply Depot x2  
  86  6:44  Supply Depot  
  86  6:45  Supply Depot  
  86  6:49  SCV x2, Viking x2, Marine  
  93  7:00  Barracks  
  93  7:01  Barracks, SCV x2  
  93  7:06  Siege Tank, Marine  
  93  7:08  Supply Depot x2, Barracks Reactor x2  
  99  7:13  SCV x2  
  101  7:17  Engineering Bay x2  
  101  7:20  Supply Depot  
  101  7:21  Supply Depot  
  101  7:24  Medivac x2  
  101  7:25  SCV x2  
  101  7:26  Marine  
  101  7:28  Combat Shield  
  108  7:32  Orbital Command  
  108  7:37  SCV x2  
  108  7:43  Siege Tank  
  108  7:44  Marine  
  114  7:45  Terran Infantry Armor Level 1, Terran Infantry Weapons Level 1  
  114  7:49  SCV  
  114  7:50  SCV  
  116  7:52  Refinery  
  116  7:54  Barracks Reactor x2  
  116  8:01  Marine, SCV  
  116  8:02  SCV x2  
  116  8:03  Marine x4  
  119  8:11  Medivac  
  118  8:13  SCV  
  118  8:16  Refinery  
  118  8:19  Marine  
  120  8:20  Marine  
  120  8:21  Marine x3  
  120  8:23  Supply Depot  
  120  8:25  Supply Depot  
  120  8:26  Supply Depot  
  124  8:31  Marine x4  
  128  8:37  SCV, Marine  
  128  8:38  Marine x4, SCV x2  
  136  8:45  Siege Tank  
  139  8:49  Marine x4  
  139  8:55  Marine  
  144  8:56  Marine x3  
  144  8:57  Marine  
  144  8:58  Viking x2  
  144  9:01  Armory  
  152  9:07  Marine  
  152  9:09  Factory  
  153  9:10  Factory  
  153  9:24  Siege Tank, Marine x7  
  157  9:29  Viking  
  157  9:30  Command Center  
  165  9:32  Viking  
  167  9:42  SCV x3  
  170  9:54  Factory Tech Lab  
  170  9:56  Siege Tank, Terran Infantry Weapons Level 2, Terran Infantry Armor Level 2  
  170  9:59  Viking, Terran Vehicle Weapons Level 1  
  175  10:01  Factory Tech Lab, Viking  
  175  10:06  Supply Depot  
  177  10:07  Supply Depot  
  177  10:09  Supply Depot  
  177  10:19  Siege Tank  
  177  10:20  Siege Tank  
  183  10:29  Viking  
  183  10:30  Refinery  
  183  10:31  Viking, Refinery  
  183  10:35  Siege Tank  
  190  10:44  Planetary Fortress  
  190  10:51  Siege Tank  
  190  10:52  Siege Tank  
  190  11:07  Siege Tank  
  190  11:08  Marine x9  
  177  11:17  Viking x2  
  176  11:23  Siege Tank  
  176  11:24  Siege Tank  
  182  11:25  Marine  
  182  11:26  Marine x7  
  190  11:39  Siege Tank  
  193  11:41  Armory  
  193  11:49  Marine x7  
  199  12:14  Marine x2  
  200  12:25  Command Center  
Show
View Real Time Build Order
Export as new Build Order

A.I. 1 (Elite) Terran - Winner!

Build Orders:  

Get SALT Encoding   

  12  0:00  SCV  
  13  0:13  SCV  
  14  0:18  Supply Depot  
  14  0:25  SCV  
  15  0:40  SCV  
  16  0:44  Barracks  
  16  0:52  SCV  
  17  1:04  SCV  
  18  1:16  SCV  
  19  1:19  Command Center  
  19  1:32  Marine, Orbital Command  
  20  1:44  Supply Depot  
  20  1:49  Refinery  
  20  1:50  Marine  
  21  1:58  SCV  
  22  2:07  Barracks  
  22  2:08  Marine  
  23  2:10  SCV  
  23  2:17  Refinery  
  23  2:22  SCV  
  24  2:25  Marine  
  25  2:32  SCV, Supply Depot  
  25  2:34  SCV  
  27  2:46  Orbital Command  
  27  2:50  Marine  
  28  2:51  SCV  
  29  3:00  Marine  
  28  3:06  Factory  
  28  3:08  Marine  
  28  3:09  SCV  
  30  3:17  SCV  
  30  3:18  Marine  
  31  3:22  SCV  
  31  3:26  Marine  
  31  3:29  SCV  
  31  3:34  SCV  
  32  3:37  Marine  
  33  3:41  SCV  
  33  3:43  Marine  
  33  3:46  SCV  
  36  3:53  SCV  
  36  3:55  Marine  
  37  3:58  SCV  
  37  4:01  Marine  
  39  4:06  SCV  
  39  4:08  Factory Tech Lab  
  40  4:10  SCV  
  41  4:18  SCV, Starport  
  41  4:22  SCV  
  43  4:24  Marine  
  43  4:25  Supply Depot  
  43  4:26  Marine  
  43  4:30  SCV  
  46  4:34  SCV  
  46  4:37  Siege Tank  
  50  4:42  SCV  
  50  4:46  SCV  
  50  4:47  Marine, Supply Depot  
  50  4:49  Marine  
  53  4:54  SCV  
  53  4:58  Starport Tech Lab, SCV  
  55  5:00  Supply Depot  
  55  5:05  Engineering Bay  
  55  5:06  SCV  
  56  5:10  SCV  
  56  5:18  SCV  
  57  5:23  SCV  
  57  5:27  Barracks Tech Lab  
  56  5:30  SCV  
  56  5:32  Missile Turret  
  56  5:35  SCV  
  58  5:42  SCV, Refinery  
  59  5:45  Combat Shield  
  59  5:46  Marauder, Terran Infantry Weapons Level 1  
  59  5:47  SCV  
  62  5:54  SCV  
  62  5:59  SCV, Refinery  
  63  6:07  Marauder, SCV  
  67  6:11  SCV  
  67  6:17  Engineering Bay  
  67  6:19  SCV  
  67  6:21  Barracks, Barracks Tech Lab  
  67  6:23  SCV, Supply Depot  
  69  6:27  Command Center  
  69  6:29  Marauder  
  71  6:38  SCV  
  71  6:39  Marauder, Stimpack  
  73  6:40  SCV  
  73  6:43  Terran Infantry Armor Level 1  
  72  6:50  Marauder, SCV  
  72  6:51  Siege Tank  
  72  6:53  Supply Depot  
  78  6:54  SCV  
  78  7:01  Marauder  
  81  7:02  SCV  
  81  7:08  Barracks Reactor  
  82  7:11  Marauder  
  84  7:16  Supply Depot  
  84  7:22  Marauder  
  86  7:23  Siege Tank  
  89  7:33  Marauder  
  91  7:39  Supply Depot  
  91  7:40  SCV x3  
  91  7:42  Refinery  
  91  7:44  Liberator  
  97  7:52  SCV x2  
  97  7:53  SCV  
  97  7:55  Siege Tank  
  103  8:04  Marine, SCV  
  103  8:05  Supply Depot  
  82  8:06  Marine  
  82  8:08  Marine  
  82  8:10  Marine  
  68  8:20  SCV x2  
  68  8:22  Marine  
  68  8:24  Marauder  
  72  8:27  Viking, Siege Tank, Command Center  
  77  8:46  Marine  
  77  8:47  Command Center, Marine  
  79  8:57  Liberator  
  79  8:59  Siege Tank  
  79  9:02  Marine  
  86  9:03  Marine  
  86  9:05  Marine  
  86  9:09  Marauder  
  90  9:10  Command Center  
  90  9:24  Marauder  
  70  9:25  Marine  
  70  9:27  Marine  
  70  9:30  Marine  
  70  9:32  Command Center  
  70  9:43  Marine  
  70  9:45  Marauder  
  73  9:46  Marine  
  73  9:48  Marine  
  75  9:53  SCV  
  75  9:54  Command Center  
  76  10:01  Marine  
  76  10:06  Marauder, SCV  
  80  10:08  SCV  
  80  10:13  Marauder  
  80  10:14  Command Center  
  83  10:18  SCV  
  84  10:25  SCV  
  85  10:30  Marauder  
  85  10:31  SCV  
  85  10:34  Command Center, Marine  
  88  10:37  SCV  
  89  10:43  SCV  
  91  10:50  SCV  
  91  10:52  Marine  
  93  10:57  Marauder  
  93  10:58  Command Center, SCV  
  94  11:22  Marauder  
  94  11:23  Marine  
  97  11:27  Marine  
  97  11:28  Command Center, Marine  
  99  11:41  Marine  
  100  11:49  Marine  
  100  11:52  Marine  
  100  11:53  Marine  
  103  11:59  Command Center, Marine  
  30  12:43  Command Center  
Tags
 
Matchup
TvT
Race
Terran
Spawn Locations
Cross Positions
Add a new tag
Caveats
  • Supply blocks, unpowered buildings, or Contaminate may cause inaccurate times.
  • Supply counts are checked every 10 seconds.